 Dungeon Crawl Stone Soup version 0.30-a0-570-g486de37d69 (webtiles) character file.

Game seed: 6410740520453233649

33 M4edhros the Trooper (level 3, -3/26 HPs)
             Began as an Octopode Fighter on Dec 29, 2022.
             Slain by an iguana (14 damage)
             ... on level 4 of the Dungeon.
             The game lasted 00:00:38 (411 turns).

M4edhros the Trooper (Octopode Fighter)              Turns: 411, Time: 00:00:38

Health: -3/26      AC:  1    Str: 15    XL:     3   Next: 29%
Magic:  3/3        EV: 13    Int: 10    God:
Gold:   82         SH:  4    Dex: 13    Spells: 2/2 levels left

rFire   . . .      SeeInvis .    a - +0 trident
rCold   . . .      Faith    .    b - +0 buckler
rNeg    . . .      Spirit   .    (helmet restricted)
rPois   .          Reflect  .    (no amulet)
rElec   .          Harm     .    (no ring)
rCorr   .          Rampage  .    (no ring)
Will    .....                    (no ring)
Stlth   ++                       (no ring)
HPRegen 0.24/turn                (no ring)
MPRegen 0.08/turn                (no ring)
                                 (no ring)
                                 (no ring)

@: no status effects
A: almost no armour, amphibious, 8 rings, camouflage 1, gelatinous body 1,
(nimble swimmer 1), tentacles
a: no special abilities


You were on level 4 of the Dungeon.
You visited 1 branch of the dungeon, and saw 4 of its levels.

You collected 82 gold pieces.

Inventory:

Hand Weapons
 a - a +0 trident (weapon)
Armour
 b - a +0 buckler (worn)
Wands
 g - a wand of polymorph (7)
Scrolls
 h - 4 scrolls of identify {unknown}
 i - 2 scrolls of magic mapping {unknown}
 k - a scroll of vulnerability {unknown}
 m - a scroll of enchant weapon {unknown}
 n - a scroll of teleportation {unknown}
Potions
 c - a potion of might
 d - a potion of resistance {unknown}
 e - a potion of attraction {unknown}
 f - a potion of mutation {unknown}
 j - a potion of lignification {unknown}
 l - 3 potions of curing {unknown}


   Skills:
 + Level 3.2 Fighting
 * Level 2.7 Polearms
 + Level 3.2 Dodging
 + Level 3.2 Shields


You had 2 spell levels left.
You didn't know any spells.
Your spell library was empty.

Dungeon Overview and Level Annotations

Branches:
Dungeon (4/15)
 Temple: D:4-7

Altars:

Portals:
Abyss: D:3

Annotations:
D:3 1 transporter, paps's ghost, amateur OpSu


Innate Abilities, Weirdness & Mutations

You cannot wear most types of armour.
You are amphibious.
You can wear up to eight rings at the same time.
Your skin changes colour to match your surroundings (Stealth+).
Your rubbery body absorbs attacks. (AC +1, EV +1)
((You are camouflaged when in or above water. (Stealth+)))
You have tentacles for arms and can constrict up to eight enemies at once.


Message History

You puncture the ufetubus!
You kill the ufetubus!
HP restored.
You now have 71 gold pieces (gained 18).
Found a stone staircase leading up.
Found a stone staircase leading down.
n - a scroll labelled ORONYE UC BUOS No target in view!
No target in view!
You now have 82 gold pieces (gained 11).
h - 4 scrolls labelled IREEFROAMO (gained 1)
An iguana comes into view.
Found 5 stones.
An iguana is nearby!
An iguana is nearby!
An iguana is nearby!
An iguana is nearby!
An iguana is nearby!
You reach to attack!
The helpless iguana fails to defend itself.
You hit the iguana.
The iguana is moderately wounded.
The iguana bites you!
You hit the iguana but do no damage. Your grab misses the iguana.
The iguana is moderately wounded.
You block the iguana's attack.
You hit the iguana. Your grab misses the iguana.
The iguana is heavily wounded.
The iguana barely misses you.
You closely miss the iguana. Your grab misses the iguana.
The iguana is heavily wounded.
The iguana barely misses you. The iguana bites you.
You are too injured to fight recklessly!
You are too injured to fight recklessly!
You barely miss the iguana. Your grab misses the iguana.
You squeeze the iguana, but do no damage.
The iguana is heavily wounded.
The iguana bites you!
Ouch! That really hurt!
You die...

.###...###.............
.#....................#
............#....!....#
.#...##.#.###.........
##...#...#........#
#................## .
#.................#...
##........###.....(...
#..#.......##.@.......
...##.........l.#.....
.. #............# #..#
##......##...# ##
###..........
....#....##. .. .##.. #
.# ...


You could see an iguana.

Vanquished Creatures
  An adder (D:2)
  An ufetubus (D:4)
  3 bats
  3 endoplasms
  A giant cockroach (D:2)
  3 hobgoblins
  2 quokkas
  3 frilled lizards
  A kobold (D:2)
18 creatures vanquished.

Notes
Turn   | Place    | Note
-------+----------+-------------------------------------------
     0 | D:1      | M4edhros the Octopode Fighter began the quest for the Orb.
     0 | D:1      | Reached XP level 1. HP: 16/16 MP: 1/1
   111 | D:2      | Reached XP level 2. HP: 21/21 MP: 2/2
   232 | D:3      | Noticed a small abomination
   240 | D:3      | Found a transporter.
   268 | D:3      | Noticed paps's ghost (amateur OpSu)
   278 | D:3      | Reached XP level 3. HP: 26/26 MP: 3/3
   295 | D:3      | Found a one-way gate to the infinite horrors of the Abyss.
   411 | D:4      | Slain by an iguana

Illustrated notes

Levels and vault maps discovered:
D:1:      lightli_iron_boxes, layout_basic, chequers_serial_rivers_room_b,
          minmay_close_crescents
D:2:      layout_basic
D:3:      corexii_shack_village, layout_basic, grunt_temple_overflow_open,
          gammafunk_ghost_abyssal_escape
D:4:      layout_cave_pools, mainiacjoe_overflow_cross_hatched

Action                   || total
-------------------------++-------
Melee: Trident           ||    43
       Constrict         ||     5
       Tentacles         ||     7
 Stab: Sleeping          ||     3
Armor: Skin              ||     4
Dodge: Dodged            ||    16
Block: Buckler           ||     4

Table legend: (Time is in decaauts)
 A = Elapsed time spent in this place.
 B = Non-inter-level travel time spent in this place.
 C = Inter-level travel time spent in this place.
 D = Time resting spent in this place.
 E = Time spent auto-exploring this place.
 F = Levels seen in this place.
 G = Mean time per level.
                   A        B        C        D        E       F      G
               +--------+--------+--------+--------+--------+-----+--------+
         Total |    419 |    380 |     39 |      0 |    228 |   4 |  104.8 |
       Dungeon |    419 |    380 |     39 |      0 |    228 |   4 |  104.8 |
               +--------+--------+--------+--------+--------+-----+--------+

Top non-repeatable levels by time:
     D:2: 145 daAuts
     D:4: 105 daAuts
     D:3: 89 daAuts
     D:1: 79 daAuts
